AoeStats
← Checkmate++

Arabia

508505456Analyzed
1v1 RM · 8d ago on Sep 22, 2026· 47m 2s· 2 players
Game mode
Random Map
Map size
Tiny (2 player)
Population
200
Speed
Normal
Resources
Standard
Victory
Conquest
Starting age
Dark Age
Ending age
Imperial Age
RankedLock teamsTeams togetherTeam positionsShared explorationLock speedFull tech treeHidden civsTurbo modeCheats
Victory
Defeat
🇨🇴 Varangians · Colombia
1368
+15
🇿🇦 Danes · South Africa
1345
-15
Checkmate++
7:08 Loom
9:54 Feudal Age
10:17 Man-at-Arms
14:21 Fletching
16:36 Double-Bit Axe
21:38 Castle Age
21:49 Scale Mail Armor
21:59 Forging
23:39 Bow Saw
24:12 Bodkin Arrow
31:53 Ballistics
34:45 Husbandry
34:59 Bloodlines
34:56 Padded Archer Armor
43:01 Thumb Ring
44:31 Wheelbarrow
43:37 Horse Collar
44:13 Bloodlines
JacobHaftel89
6:19 Loom
8:59 Feudal Age
15:53 Double-Bit Axe
17:17 Wheelbarrow
18:42 Bloodlines
23:46 Castle Age
22:31 Horse Collar
23:48 Scale Barding Armor
23:54 Forging
24:52 Scale Mail Armor
24:54 Heavy Plow
24:19 Man-at-Arms
25:02 Squires
25:27 Hand Cart
24:42 Light Cavalry
25:02 Long Swordsman
27:10 Bow Saw
27:27 Gambesons
29:04 Town Watch
30:25 Arson
31:20 Chain Mail Armor
33:08 Chain Barding Armor
33:07 Husbandry
33:44 Iron Casting
41:11 Vendel Legacy
46:04 Imperial Age
Connection lost

Rejoining the realm…

Still unreachable

The connection could not be restored.

Session expired

The server has moved on; the page needs a fresh start.